 Dungeon Crawl Stone Soup version 0.28.0-43-g3370ac3207 (webtiles) character file.

Game seed: 9339075195665977729

55587 adizb the Fighter (level 14, -3/120 (130) HPs)
             Began as a Minotaur Fighter on Mar 14, 2022.
             Was a High Priest of Qazlal.
             Killed from afar by a necromancer (24 damage)
             ... with a bolt of negative energy
             ... on level 6 of the Lair of Beasts.
             The game lasted 01:24:09 (14791 turns).

adizb the Fighter (Minotaur Fighter)               Turns: 14791, Time: 01:24:09

HP:   -3/120 (130)  AC: 14    Str: 25      XL:     14   Next: 38%
MP:   12/17         EV: 10    Int:  3 (5)  God:    Qazlal [*****.]
Gold: 1042          SH: 21    Dex: 16 (17) Spells: 13/13 levels left

rFire   . . .      SeeInvis .   B - +7 hand crossbow (flame)
rCold   . . .      Faith    .   U - +1 kite shield "Bexzool" {rCorr}
rNeg    . . .      Spirit   .   Z - +1 robe of Vines {NoPotionHeal Regen++++}
rPois   +          Reflect  .   (helmet restricted)
rElec   .          Harm     .   Y - +2 cloak {rPois}
rCorr   +          Rampage  .   (no gloves)
Will    +....      Clarity  +   s - +2 pair of boots
Stlth   +.........              J - amulet of the acrobat
HPRegen 3.50/turn               j - +6 ring of dexterity
MPRegen 0.15/turn               r - +4 ring of slaying

@: protected from physical damage, drained, repel missiles
A: horns 2, retaliatory headbutt, clarity, subdued magic 1, sturdy frame 1
a: Renounce Religion, Upheaval, Elemental Force, Disaster Area


You were on level 6 of the Lair of Beasts.
You worshipped Qazlal.
Qazlal was extremely pleased with you.
You visited 3 branches of the dungeon, and saw 17 of its levels.
You also visited: Gauntlet.

You collected 1217 gold pieces.
You spent 175 gold pieces at shops.

Inventory:

Hand Weapons
 k - the +5 spear of Ovaow {vamp, rElec}
   (You found it on level 4 of the Dungeon)

   It occasionally heals its wielder for a portion of the damage dealt when it
   wounds a living foe.
   rElec:     It insulates you from electricity.
 B - a +7 hand crossbow of flaming (weapon)
 F - a +0 broad axe of draining
 T - a +8 morningstar of protection
 X - a +2 vorpal broad axe
Missiles
 x - 9 curare-tipped darts
 z - 140 bolts (quivered ammo)
 O - a throwing net
Armour
 s - a +2 pair of boots (worn)
 I - a +1 ring mail of cold resistance
 R - the +1 pair of boots "Qaifyqei" {rN+ Str-4 Int+3 Stlth+}
   (You found it in a Gauntlet)

   Str:       It affects your strength (-4).
   Int:       It affects your intelligence (+3).
   rN:        It protects you from negative energy.
   Stlth:     It makes you more stealthy.
 U - the +1 kite shield "Bexzool" (worn) {rCorr}
   (You found it in a Gauntlet)

   rCorr:     It protects you from acid and corrosion.
 V - a +1 scale mail of fire resistance
 Y - a +2 cloak of poison resistance (worn)
 Z - the +1 robe of Vines (worn) {NoPotionHeal Regen++++}
   (You found it in a Gauntlet)

   Its wearer cannot be healed by potions.
   Regen:     It increases your rate of health regeneration.
Jewellery
 j - a +6 ring of dexterity (left hand)
 r - a +4 ring of slaying (right hand)
 E - a ring of fire
 H - a +6 ring of dexterity
 J - an amulet of the acrobat (around neck)
 P - a ring of resist corrosion
Wands
 a - a wand of flame (35)
 b - a wand of mindburst (13)
 f - a wand of iceblast (9)
 h - a wand of charming (10)
 M - a wand of digging (7)
 N - a wand of acid (7)
 W - a wand of polymorph (5)
Scrolls
 c - 8 scrolls of identify
 g - 3 scrolls of fog
 l - 15 scrolls of teleportation
 m - a scroll of enchant armour
 n - 5 scrolls of summoning
 p - a scroll of holy word
 y - 5 scrolls of magic mapping
 G - 4 scrolls of fear
 L - 2 scrolls of silence
 S - a scroll of brand weapon
Potions
 d - 3 potions of might
 e - 5 potions of brilliance
 i - 4 potions of haste
 q - 6 potions of berserk rage
 t - 5 potions of curing
 v - 4 potions of resistance
 w - 3 potions of mutation
 A - 2 potions of invisibility
 C - a potion of heal wounds
 D - 8 potions of flight
Miscellaneous
 o - a box of beasts


   Skills:
 + Level 13.9 Fighting
 - Level 4.3(9.4) Axes
 + Level 12.9(13.2) Polearms
 + Level 11.8 Crossbows
 + Level 13.9 Armour
 + Level 13.9 Shields
 + Level 6.3 Invocations


You had 13 spell levels left.
You didn't know any spells.
Your spell library contained the following spells:

 Spells                   Type           Power      Damage    Failure   Level
 Animate Skeleton         Necr           0%         N/A       71%         1
 Apportation              Tloc           0%         N/A       71%         1
 Pain                     Necr           0%         1d4       71%         1
 Summon Small Mammal      Summ           0%         N/A       71%         1
 Call Canine Familiar     Summ           0%         N/A       97%         3
 Portal Projectile        Hex/Tloc       0%         N/A       97%         3
 Vampiric Draining        Necr           0%         2d6       97%         3
 Dispel Undead            Necr           0%         3d6       100%        4
 Leda's Liquefaction      Hex/Erth       0%         N/A       100%        4
 Lightning Bolt           Conj/Air       0%         1d11      100%        5
 Dispersal                Tloc           0%         N/A       100%        6
 Haunt                    Necr/Summ      0%         N/A       100%        7
 Disjunction              Tloc           0%         N/A       100%        8
 Necromutation            Tmut/Necr      0%         N/A       100%        8


Dungeon Overview and Level Annotations

Branches:
Dungeon (10/15)            Temple (1/1) D:4            Lair (6/6) D:10
 Shoals (0/4) Lair:4        Snake (0/4) Lair:4        Slime (0/5) Lair:6
Gauntlet (visited)
    Orc: D:9-12

Altars:
Ashenzari
Cheibriados
Dithmenos
Elyvilon
Fedhas
Gozag
Hepliaklqana
Kikubaaqudgha
Makhleb
Nemelex Xobeh
Okawaru
Qazlal
Ru
Sif Muna
Trog
Uskayaw
Vehumet
Wu Jian
Xom
Yredelemnul
Zin
The Shining One

Shops:
D:3 *   D:5 *   D:6 =   D:8 [   D:9 *

Annotations:
D:10 exclusion: obsidian statue


Innate Abilities, Weirdness & Mutations

You have a pair of horns on your head.
You reflexively headbutt those who attack you in melee.
You possess an exceptional clarity of mind.
Your spells are a little easier to cast, but a little less powerful.
Your movements are slightly less encumbered by armour. (ER -2)


Message History

Fire: 144 bolts
Press: ? - help, Q - select action, (/) - cycle Shift-Dir - straight line, f - necromancer, p - dire elephant
Aim: a necromancer, wielding a +0 dagger and wearing a +0 robe (72% to hit)
You shoot a bolt. The bolt barely misses the necromancer.
Fire: 143 bolts
Press: ? - help, Q - select action, (/) - cycle Shift-Dir - straight line, f/p - necromancer
Aim: a necromancer, wielding a +0 dagger and wearing a +0 robe (72% to hit)
You shoot a bolt.
The bolt closely misses the necromancer.
Fire: 142 bolts
Press: ? - help, Q - select action, (/) - cycle Shift-Dir - straight line, f/p - necromancer
Aim: a necromancer, wielding a +0 dagger and wearing a +0 robe (72% to hit)
You shoot a bolt. The bolt hits the necromancer!
The bolt burns the necromancer.
The necromancer is heavily wounded.
Fire: 141 bolts
Press: ? - help, Q - select action, (/) - cycle Shift-Dir - straight line, f/p - necromancer
Aim: a necromancer, wielding a +0 dagger and wearing a +0 robe (heavily wounded, 72% to hit)
You shoot a bolt.
The bolt closely misses the necromancer.
The dire elephant is struck by lightning.
The dire elephant barely misses you. You furiously retaliate!
You headbutt the dire elephant.
The dire elephant trunk-slaps you but does no damage.
The necromancer casts a spell at you. The bolt of negative energy hits you!!!
You feel drained.
* * * LOW HITPOINT WARNING * * *
The dire elephant is struck by lightning.
You kill the dire elephant!
Qazlal accepts your kill.
A freezing mist starts to gather...
You feel your dexterity returning.
A dire elephant simulacrum comes into view.
Okay, then.
Activating: Elemental Force (4% risk of failure)
Press: ? - help, Dir - look around, f - activate Clouds arounds you coalesce and take form!
The necromancer points at you and mumbles some strange words.
The bolt of negative energy hits you!!
You feel drained.
You die...

...#####........#†.###.
....P# #.......#..♣#..
....)######.......##.# ##+#
#.....# #.......#..#P...#
....†.### #.....#.#.##.....
##.....P####....#♣#.#Yp...P
##.....P##........#.#YY.$.P
.#..†..........E○E#÷##8."8#
...#..........○.@.#.#######
.......#.#......E.#.8##8$[8
........##.....☼°.p..8#.((.
..#.....####..#..Z'(⌠.#....
###....## #...#..(((8#....
###.....# ##....#.#(8##8..8
##.....####.......#(####''#
##..#..PP.#P..>...#.##.≈≈≈##
.##...............#.#.≈≈≈≈≈#


You could see a necromancer (ally target), a dire elephant simulacrum (ally
target), 2 friendly earth elementals and a friendly air elemental (summoned).

Vanquished Creatures
  The ghost of Jase the Severer, a journeyman PaFi of Qazlal (Lair:6)
  A minotaur (Gauntlet)
  6 dire elephants (Lair:6)
  7 hydras
  3 boulder beetles
  A catoblepas (Lair:6)
  15 death yaks
  A spectral dire elephant (Lair:6)
  A dancing weapon (Lair:6)
  Sonja (Lair:1)
  Nergalle (Lair:2)
  A lindwurm (Lair:6)
  An obsidian statue (Lair:6)
  A necromancer (Lair:6)
  A cyclops (D:7)
  6 black mambas
  A merfolk siren (Lair:4)
  3 elephants (Lair:2)
  15 cane toads
  A dire elephant zombie (Lair:6)
  2 rime drakes
  11 komodo dragons
  3 polar bears
  2 trolls (D:10)
  3 burning bushes (Lair:1)
  A spectral elephant (Lair:6)
  7 blink frogs
  A shadow (D:5)
  16 flying skulls (Gauntlet)
  35 yaks
  2 wyverns
  Sigmund (D:2)
  3 basilisks
  A neqoxec (Gauntlet)
  3 steam dragons
  A chaos spawn (Gauntlet)
  A death yak simulacrum (Lair:6)
  4 nagas (Lair:4)
  An acid dragon (D:6)
  A spectral cane toad (Lair:6)
  13 water moccasins
  Duvessa (D:7)
  A sky beast (D:7)
  2 orc warriors (D:10)
  A black bear (Lair:3)
  2 ogres
  An elephant zombie (Lair:6)
  8 wolves
  3 centaurs
  A phantom (D:6)
  2 elephant skeletons (Lair:6)
  A kobold brigand (D:9)
  22 bullfrogs
  A cane toad simulacrum (Lair:6)
  3 scorpions
  2 wyvern zombies (D:8)
  A water moccasin skeleton (D:6)
  Dowan (D:7)
  3 killer bees (D:9)
  A wight (D:8)
  3 howler monkeys (D:9)
  5 electric eels
  6 crimson imps (D:7)
  7 hounds
  A centaur skeleton (D:6)
  4 orc priests
  3 gnoll shamans
  An iguana (D:4)
  8 orc wizards
  Natasha (thrice) (D:2)
  Robin (D:2)
  16 gnolls
  4 adders
  A shadow imp (D:7)
  3 white imps (D:7)
  An ufetubus (D:4)
  A worm (D:3)
  7 dart slugs
  22 orcs
  6 ball pythons
  8 endoplasms
  3 giant cockroaches
  15 goblins
  9 hobgoblins
  3 jackals (D:1)
  4 quokkas
  6 bats
  3 frilled lizards
  12 kobolds
  5 rats
408 creatures vanquished.

Vanquished Creatures (others)
  28 fungi
  39 plants
  33 withered plants (Lair:6)
100 creatures vanquished.

Grand Total: 508 creatures vanquished

Notes
Turn   | Place    | Note
-------+----------+-------------------------------------------
     0 | D:1      | adizb the Minotaur Fighter began the quest for the Orb.
     0 | D:1      | Reached XP level 1. HP: 19/19 MP: 0/0
    98 | D:1      | Reached XP level 2. HP: 27/27 MP: 1/1
   630 | D:1      | Reached XP level 3. HP: 30/33 MP: 2/2
   885 | D:2      | Found a faded altar of an unknown god.
   931 | D:2      | You fall into a shaft and drop 2 floors!
   935 | D:4      | Reached XP level 4. HP: 35/41 MP: 3/3
   962 | D:4      | Identified the +5 spear of Ovaow {vamp, rElec}
  1049 | D:3      | Found Fiump's Assorted Antiques.
  1091 | D:2      | Found a shadowy altar of Dithmenos.
  1095 | D:2      | Noticed Sigmund
  1132 | D:2      | Killed Sigmund
  1133 | D:2      | Reached skill level 5 in Fighting
  1133 | D:2      | Reached skill level 5 in Armour
  1133 | D:2      | Reached skill level 5 in Shields
  1133 | D:2      | Reached XP level 5. HP: 37/48 MP: 4/4
  1133 | D:2      | Reached XP level 6. HP: 43/56 MP: 5/5
  1364 | D:2      | Noticed Robin
  1378 | D:2      | Killed Robin
  1438 | D:2      | Noticed Natasha
  1442 | D:2      | Killed Natasha
  1447 | D:2      | Noticed Natasha
  1457 | D:2      | Killed Natasha
  1458 | D:2      | Reached skill level 1 in Polearms
  1496 | D:2      | Noticed Natasha
  1500 | D:2      | Killed Natasha
  2474 | D:4      | Found a staircase to the Ecumenical Temple.
  2546 | D:3      | Bought a glowing hand crossbow for 175 gold pieces
  2664 | Temple   | Entered the Ecumenical Temple
  2911 | Temple   | Became a worshipper of Qazlal Stormbringer
  3114 | D:5      | Entered Level 5 of the Dungeon
  3167 | D:5      | Reached XP level 7. HP: 62/62 MP: 6/6
  3174 | D:5      | Noticed a shadow
  3181 | D:5      | Killed a shadow
  3182 | D:5      | Reached skill level 1 in Crossbows
  3334 | D:5      | Found Guywk's Assorted Antiques.
  3853 | D:6      | Reached XP level 8. HP: 41/71 MP: 7/7
  3880 | D:6      | Found Xuik's Jewellery Emporium.
  4412 | D:6      | Reached * piety under Qazlal
  4891 | D:7      | Noticed Duvessa
  4891 | D:7      | Noticed Dowan
  4899 | D:7      | Killed Duvessa
  4901 | D:7      | Killed Dowan
  4956 | D:7      | Noticed a cyclops
  4961 | D:7      | Killed a cyclops
  4962 | D:7      | Reached skill level 5 in Polearms
  4962 | D:7      | Reached XP level 9. HP: 79/79 MP: 8/8
  5561 | D:7      | Found an opulent altar of Gozag.
  5956 | D:8      | Reached skill level 5 in Crossbows
  6202 | D:8      | Found Goiqoax's Antique Armour Shoppe.
  6436 | D:8      | Reached ** piety under Qazlal
  6975 | D:9      | Found Wiycoa's Overcharged Wands.
  7256 | D:9      | Reached XP level 10. HP: 75/90 MP: 9/9
  7418 | D:10     | Entered Level 10 of the Dungeon
  7894 | D:10     | Noticed an obsidian statue
  7925 | D:10     | Found a staircase to the Lair.
  8254 | D:10     | Reached *** piety under Qazlal
  8551 | D:10     | Noticed a sun demon
  8647 | D:10     | Gained mutation: Your movements are slightly less
                  | encumbered by armour. (ER -2) [potion of mutation]
  8647 | D:10     | Gained mutation: Your spells are a little easier to cast,
                  | but a little less powerful. [potion of mutation]
  8647 | D:10     | Gained mutation: You possess an exceptional clarity of
                  | mind. [potion of mutation]
  8703 | Lair:1   | Entered Level 1 of the Lair of Beasts
  8817 | Lair:1   | Noticed Sonja
  8826 | Lair:1   | Killed Sonja
  8849 | Lair:1   | Reached skill level 10 in Armour
  8884 | Lair:1   | Reached skill level 10 in Fighting
  8889 | Lair:1   | Reached skill level 10 in Shields
  8897 | Lair:1   | Reached XP level 11. HP: 89/99 MP: 10/10
  9056 | Lair:1   | You fall into a shaft and drop 1 floor!
  9108 | Lair:2   | Noticed Nergalle
  9131 | Lair:2   | Killed Nergalle
  9137 | Lair:2   | Reached **** piety under Qazlal
  9280 | Lair:2   | Noticed a boulder beetle
  9291 | Lair:2   | Killed a boulder beetle
  9447 | Lair:1   | Noticed a death yak
  9447 | Lair:1   | Noticed a death yak
  9461 | Lair:1   | Noticed a death yak
  9471 | Lair:1   | Killed a death yak
  9481 | Lair:1   | Killed a death yak
  9494 | Lair:1   | Killed a death yak
  9495 | Lair:1   | Reached skill level 10 in Polearms
  9547 | Lair:1   | Noticed a seven-headed hydra
  9563 | Lair:1   | Killed a seven-headed hydra
  9564 | Lair:1   | Reached XP level 12. HP: 99/110 MP: 11/11
  9765 | Lair:2   | Noticed a boulder beetle
  9776 | Lair:2   | Killed a boulder beetle
  9971 | Lair:2   | Noticed an eight-headed hydra
  9976 | Lair:2   | Killed an eight-headed hydra
  9982 | Lair:2   | Noticed a five-headed hydra
  9986 | Lair:2   | Killed a five-headed hydra
 10375 | Lair:3   | Noticed a seven-headed hydra
 10382 | Lair:3   | Reached skill level 1 in Invocations
 10393 | Lair:3   | Killed a seven-headed hydra
 10393 | Lair:3   | Reached ***** piety under Qazlal
 10519 | Lair:3   | Noticed a death yak
 10521 | Lair:3   | Noticed a death yak
 10521 | Lair:3   | Noticed a death yak
 10522 | Lair:3   | Noticed a death yak
 10524 | Lair:3   | Noticed a death yak
 10529 | Lair:3   | Killed a death yak
 10543 | Lair:3   | Killed a death yak
 10556 | Lair:3   | Killed a death yak
 10560 | Lair:3   | Killed a death yak
 10561 | Lair:3   | Reached skill level 10 in Crossbows
 10568 | Lair:3   | Killed a death yak
 10640 | Lair:3   | Found a gate leading to a gauntlet.
 10655 | Gauntlet | Entered a Gauntlet
 10655 | Gauntlet | Found a transporter.
 10658 | Gauntlet | Found a transporter.
 10660 | Gauntlet | Found a transporter.
 10671 | Gauntlet | Found a transporter.
 10674 | Gauntlet | Found a transporter.
 10678 | Gauntlet | Noticed a hell hog
 10683 | Gauntlet | Found a transporter.
 10696 | Gauntlet | Found a runed translucent door.
 10700 | Gauntlet | Found a transporter.
 10706 | Gauntlet | Noticed a minotaur
 10710 | Gauntlet | Found a transporter.
 10719 | Gauntlet | Found a runed translucent gate.
 10720 | Gauntlet | Found a transporter.
 10720 | Gauntlet | Found a runed translucent gate.
 10721 | Gauntlet | Found a runed translucent gate.
 10734 | Gauntlet | Found a transporter.
 10734 | Gauntlet | Found a transporter.
 10759 | Gauntlet | Found a transporter.
 10759 | Gauntlet | Found a transporter.
 10828 | Gauntlet | Found a transporter.
 11033 | Gauntlet | Reached XP level 13. HP: 97/119 MP: 14/14
 11057 | Gauntlet | Identified the +1 pair of boots "Qaifyqei" {rN+ Str-4 Int+3
                  | Stlth+}
 11106 | Gauntlet | Killed a minotaur
 11125 | Gauntlet | Found the +1 robe of Vines {NoPotionHeal Regen++++}
 11131 | Gauntlet | Got the Reference Book on Evil and the Birds
 11133 | Gauntlet | Identified the +1 kite shield "Bexzool" {rCorr}
 12165 | Lair:4   | Found a staircase to the Snake Pit.
 12358 | Lair:4   | Found a staircase to the Shoals.
 13328 | Lair:6   | Entered Level 6 of the Lair of Beasts
 13366 | Lair:5   | Reached skill level 5 in Invocations
 13609 | Lair:6   | Reached XP level 14. HP: 114/129 MP: 17/17
 13655 | Lair:6   | Found a runed translucent door.
 13954 | Lair:6   | Found a staircase to the Slime Pits.
 14125 | Lair:6   | Found a shimmering altar of Xom.
 14125 | Lair:6   | Noticed Jase's ghost (journeyman PaFi)
 14153 | Lair:6   | Killed Jase's ghost
 14315 | Lair:6   | Found the +2 hat of the Bear Spirit {Spirit, *Rage Will++}
 14380 | Lair:6   | Reached ****** piety under Qazlal
 14791 | Lair:6   | Killed from afar by a necromancer

Illustrated notes

Levels and vault maps discovered:
D:1:      dpeg_arrival_stonehenge_8_columns, layout_basic, minmay_tripent
D:2:      layout_loops_ring, serial_rivers, chequers_serial_rivers_micro_e,
          chequers_serial_rivers_large_b, chequers_serial_rivers_large_a,
          chequers_serial_rivers_micro_c, chequers_serial_rivers_micro_c,
          chequers_serial_rivers_room_a, ebering_ecumenical_altar_webs,
          basic_altar, uniq_robin, uniq_natasha, uniq_sigmund
D:3:      layout_basic, cheibrodos_sewer_entry_sluice, serial_shops, shop
D:4:      layout_rooms, temple_pool_b, serial_forest,
          infiniplex_forest_lined_4_way, infiniplex_forest_end_1,
          infiniplex_forest_split, infiniplex_forest_lined_corner
D:5:      minmay_general_purpose_star, layout_loops_ring, serial_shops,
          shop_fountains, amcnicky_mini_rare_corridor_liquid
D:6:      layout_basic, serial_shops, shop, serial_bayou, serial_bayou_pond_a,
          serial_bayou_crossing, serial_bayou_pond_c, serial_bayou_pond_e,
          minmay_holes, minivault_23
D:7:      layout_basic, old_standard_altar, minmay_nine_imps, uniq_duvessa
D:8:      layout_layer_cave, serial_shops, nicolae_shop_waterfront, st_stairs_4
D:9:      layout_roguey, nicolae_shop_overcharged_wands
D:10:     minmay_statue_hallways, layout_grid_maze,
          mainiacjoe_overflow_alcove_4, erik_lair_island,
          hangedman_abyss_or_decor_slice
Temple:   mainiacjoe_temple_cubbyholes
Lair:1:   layout_chaotic_city, st_stairs_13, evilmike_ambush
          [evilmike_ambush_outer_corners, evilmike_ambush_inner_basic],
          grunt_megastairs_4, infiniplex_staircase_pool_2, lemuel_fruit_fields,
          uniq_sonja
Lair:2:   layout_small_grid, guppyfry_lair_drakes, serial_bayou_shore_b,
          serial_bayou_shore_a, uniq_nergalle
Lair:3:   layout_cellular_growth, gauntlet_entry_generic, beast_lair_carwin_10
Lair:4:   layout_loops_ring, minmay_shoals_entry_lonely_mermaid,
          minmay_snake_entry_guardpost_small
Lair:5:   layout_roguey
Lair:6:   due_jungle_book, layout_concentric_octagons, slime_dummy,
          ebering_ghost_xom, lemuel_fruit_tree

Skill      XL: |  1  2  3  4  5  6  7  8  9 10 11 12 13 14 |
---------------+-------------------------------------------+-----
Fighting       | 4 5 6 7 8 10 11 12 13 | 13.9
Shields        | 4 5 6 7 8 10 11 12 13 | 13.9
Armour         | 4 5 6 7 8 10 11 12 13 | 13.9
Axes           | 3 4 |  4.3
Polearms       | 2 3 5 6 8 10 11 12 | 12.9
Crossbows      | 2 4 5 7 9 10 11 | 11.8
Invocations    | 3 5 6 |  6.3

Action                   |  1- 3 |  4- 6 |  7- 9 | 10-12 | 13-15 || total
-------------------------+-------+-------+-------+-------+-------++-------
Melee: War axe           |    69 |    17 |       |       |       ||    86
       Headbutt          |     8 |     6 |    20 |   103 |   103 ||   240
       Spear             |       |    86 |   110 |   428 |   347 ||   971
 Fire: Hand crossbow     |       |     6 |   118 |   133 |   303 ||   560
Invok: Elemental Force   |       |       |       |       |     3 ||     3
  Use: Scroll            |     2 |       |    13 |     9 |     4 ||    28
       Potion            |       |       |       |     2 |     6 ||     8
Armor: Scale mail        |    40 |    30 |    14 |       |       ||    84
       Chain mail        |       |       |    29 |    93 |     4 ||   126
       Robe              |       |       |       |       |    82 ||    82
Dodge: Dodged            |    26 |    25 |    35 |    73 |    87 ||   246
       Repelled          |       |       |       |     3 |     1 ||     4
Block: Buckler           |    31 |    17 |    49 |   178 |    14 ||   289
       Kite shield       |       |       |       |       |   351 ||   351
